Map: Neon Violet Square LE

Players

BackupJ (Kas)

  • Race: Terran Terran
  • Spawn Location: 5:00

Abyss

  • Race: Protoss Protoss
  • Spawn Location: 11:00

Event: WCS Leipzig 2018

VOD

Have the link to the VOD?

Description

Time

  • Played on: Jan. 26, 2018, 7:41 a.m.
  • Length: 3:02

All games in this series

Show
View Real Time Build Order
Export as new Build Order

BackupJ Terran 

Build Orders: Gas First Reaper Expand, Reaper Expand 

Get SALT Encoding   

  12  0:00  SCV  
  13  0:13  SCV  
  14  0:17  Supply Depot  
  14  0:25  SCV  
  15  0:29  Refinery  
  15  0:39  SCV  
  16  0:46  Barracks  
  16  0:51  SCV  
  17  1:03  SCV  
  18  1:15  SCV  
  19  1:33  Orbital Command  
  19  1:34  Reaper  
  20  1:46  Command Center  
  20  1:57  Factory  
  20  2:00  SCV  
  21  2:08  Barracks Reactor  
  21  2:14  Bunker  
  21  2:16  SCV  
  21  2:22  Supply Depot  
  22  2:29  SCV  
  23  2:30  Refinery  
  23  2:43  SCV  
Show
View Real Time Build Order
Export as new Build Order

Abyss Protoss 

Build Orders: Dark Templar Rush 

Get SALT Encoding   

  12  0:00  Probe  
  13  0:12  Probe  
  14  0:18  Pylon  
  14  0:24  Probe  
  15  0:37  Probe  
  15  0:38  Gateway  
  16  0:48  Assimilator  
  16  0:49  Probe  
  17  1:00  Assimilator  
  17  1:01  Probe  
  18  1:13  Probe (Chrono Boost)  
  19  1:25  Probe (Chrono Boost), Cybernetics Core  
  20  1:32  Probe (Chrono Boost)  
  21  1:39  Probe, Pylon  
  22  1:50  Gateway  
  22  1:59  Pylon  
  22  2:02  Stalker  
  24  2:17  Twilight Council  
  24  2:32  Stalker  
  24  2:35  Gateway  
  28  2:54  Dark Shrine  
Tags
 
Add a new tag
Caveats
  • Supply blocks, unpowered buildings, or Contaminate may cause inaccurate times.
  • Supply counts are checked every 10 seconds.